 Dungeon Crawl Stone Soup version 0.28-a0-1613-gdaab1c2f9b (webtiles) character file.

Game seed: 3042623048020294873

31 Essalna the Digger (level 3, 0/19 HPs)
             Began as a Gargoyle Earth Elementalist on Jan 21, 2022.
             Slain by Terence (11 damage)
             ... on level 2 of the Dungeon.
             The game lasted 00:02:06 (1079 turns).

Essalna the Digger (Gargoyle Earth Elementalist)    Turns: 1079, Time: 00:02:07

Health: 0/19       AC:  5    Str: 11    XL:     3   Next: 22%
Magic:  7/7        EV: 11    Int: 17    God:
Gold:   62         SH:  0    Dex: 10    Spells: 3/7 levels left

rFire   . . .      SeeInvis .   h - +0 dagger (elec)
rCold   . . .      Faith    .   (no shield)
rNeg    + . .      Spirit   .   b - +0 robe
rPois   ∞          Reflect  .   (no helmet)
rElec   +          Harm     .   (no cloak)
rCorr   .          Rampage  .   (no gloves)
Will    .....                   (no boots)
Stlth   ++........              (no amulet)
HPRegen 0.06/turn               (no ring)
MPRegen 0.10/turn               (no ring)

@: no status effects
A: sickness immunity, AC +3, negative energy resistance 1, electricity
resistance, torment resistance 1, petrification resistance
a: no special abilities


You were on level 2 of the Dungeon.
You visited 1 branch of the dungeon, and saw 2 of its levels.

You collected 62 gold pieces.

Inventory:

Hand Weapons
 a - a +0 dagger
 h - a +0 dagger of electrocution (weapon)
Missiles
 c - 40 stones
Armour
 b - a +0 robe (worn)
Magical Staves
 g - a staff of poison
Scrolls
 e - a scroll of identify {unknown}
 f - a scroll of vulnerability {unknown}
Potions
 d - a potion of heal wounds {unknown}


   Skills:
 - Level 1.5 Dodging
 - Level 2.1 Stealth
 + Level 2.7 Spellcasting
 + Level 0.3 Conjurations
 - Level 0.7 Transmutations
 + Level 4.4 Earth Magic


You had 3 spell levels left.
You knew the following spells:

 Your Spells              Type           Power      Damage    Failure   Level
a - Sandblast             Erth           34%        2d9       3%          1
b - Stone Arrow           Conj/Erth      20%        3d8       21%         3

Your spell library contained the following spells:

 Spells                   Type           Power      Damage    Failure   Level
 Passwall                 Tmut/Erth      9%         N/A       10%         2
 Petrify                  Tmut/Erth      11%        N/A       52%         4
 Fireball                 Conj/Fire      1%         3d3       99%         5
 Starburst                Conj/Fire      1%         6d3       100%        6
 Ignition                 Fire           1%         3d3       100%        8


Dungeon Overview and Level Annotations

Branches:
Dungeon (2/15)

Altars:

Annotations:
D:2 Jessica, Terence


Innate Abilities, Weirdness & Mutations

You are immune to sickness and miasma.
Your stone body is resilient. (AC +3)
You are immune to poison.
You resist negative energy. (rN+)
You are resistant to electric shocks. (rElec)
You are resistant to unholy torment.
You are immune to petrification.


Message History

You hit the giant cockroach.
The giant cockroach is heavily wounded.
The giant cockroach bites you but does no damage.
You barely miss the giant cockroach. Your punch misses the giant cockroach.
The giant cockroach is heavily wounded.
The giant cockroach closely misses you.
You hit the giant cockroach but do no damage.
The giant cockroach is heavily wounded.
The giant cockroach barely misses you.
You hit the giant cockroach.
The giant cockroach is almost dead.
The giant cockroach bites you.
You hit the giant cockroach.
Lightning courses through the giant cockroach!
You kill the giant cockroach!
HP restored.
You see here a giant cockroach corpse.
Key pressed, stopping explore.
Jessica and Terence come into view.
Terence is wielding a +0 flail and wearing a +2 scale mail of willpower.
Jessica shouts!
Jessica mumbles some strange words.
Jessica blinks!
The blast of sand hits Terence.
Terence is moderately wounded.
The blast of sand misses Terence.
Terence hits you with a +0 flail.
The blast of sand hits Terence.
Terence is heavily wounded.
Terence hits you with a +0 flail!
You see here a giant cockroach corpse.
You aren't carrying any items that you can evoke.
Unknown command.
Terence says, "Did you write a will?
You should..."
Terence screams, "I want your blood!"
There is a stone staircase leading down here.
Terence screams, "I want your blood!"
There is a stone staircase leading up here.
Terence hits you with a +0 flail!
Ouch! That really hurt!
You die...

########## # #.....>..# .#
#.##.#.#@#############.
#.##.#..@.............
#.##.#.#.####........
#.##.....# #.#####.#
#.####.######.#####.####
######.####.................#
#....@.##...#.....#.####....#
#.#######.###.###...# #....#
#.# #.# #.# ########....# #.#
#.# #.# #..........#


You could see Terence.

Vanquished Creatures
  4 endoplasms (D:1)
  A giant cockroach (D:2)
  6 goblins
  3 hobgoblins (D:1)
  3 ball pythons (D:1)
  A bat (D:1)
  A frilled lizard (D:1)
  7 kobolds (D:1)
  3 rats
29 creatures vanquished.

Notes
Turn   | Place    | Note
-------+----------+-------------------------------------------
     0 | D:1      | Essalna the Gargoyle Earth Elementalist began the quest for
                  | the Orb.
     0 | D:1      | Reached XP level 1. HP: 10/10 MP: 3/3
   110 | D:1      | Reached XP level 2. HP: 12/15 MP: 0/5
   137 | D:1      | Reached skill level 4 in Earth Magic
   662 | D:1      | Reached XP level 3. HP: 19/19 MP: 1/6
   666 | D:1      | Learned a level 3 spell: Stone Arrow
  1040 | D:2      | Noticed Jessica
  1040 | D:2      | Noticed Terence
  1079 | D:2      | Slain by Terence

Illustrated notes

Levels and vault maps discovered:
D:1:      lightli_molten_gateway, layout_basic, minmay_tiny_reverse_x
D:2:      layout_loops_ring, uniq_jessica, uniq_terence, uniq_crazy_yiuf_cottage

Skill      XL: |  1  2 |
---------------+-------+-----
Earth Magic    | 4 |  4.4
Dodging        | |  1.5
Stealth        | |  2.1
Spellcasting   | |  2.7
Conjurations   | |  0.3
Transmutations | |  0.7

Action                   || total
-------------------------++-------
Melee: Dagger            ||    14
 Cast: Sandblast         ||    31
 Stab: Sleeping          ||     3
Armor: Robe              ||     3
Dodge: Dodged            ||     4

Table legend: (Time is in decaauts)
 A = Elapsed time spent in this place.
 B = Non-inter-level travel time spent in this place.
 C = Inter-level travel time spent in this place.
 D = Time resting spent in this place.
 E = Time spent auto-exploring this place.
 F = Levels seen in this place.
 G = Mean time per level.
                   A        B        C        D        E       F      G
               +--------+--------+--------+--------+--------+-----+--------+
         Total |   1077 |   1060 |     17 |      0 |    843 |   2 |  538.5 |
       Dungeon |   1077 |   1060 |     17 |      0 |    843 |   2 |  538.5 |
               +--------+--------+--------+--------+--------+-----+--------+

Top non-repeatable levels by time:
     D:1: 848 daAuts
     D:2: 229 daAuts
